 Dungeon Crawl Stone Soup version 0.18.1-5-g4a78601 (webtiles) character file.

21 Chiseanne the Chiller (level 3, -4/27 HPs)
             Began as a Formicid Ice Elementalist on May 10, 2016.
             Slain by a worm (5 damage)
             ... on level 2 of the Dungeon.
             The game lasted 00:02:13 (1152 turns).

Chiseanne the Chiller (Formicid Ice Elementalist)   Turns: 1152, Time: 00:02:14

Health: -4/27      AC:  5    Str: 12    XL:     3   Next: 2%
Magic:  6/6        EV: 11    Int: 14    God:
Gold:   66         SH:  0    Dex: 12    Spells: 1 memorised, 5 levels left

rFire  . . .     SeeInvis +     m - +0 short sword
rCold  . . .     Gourm    .     n - +0 ring mail
rNeg   . . .     Faith    .     (no shield)
rPois  .         Spirit   .     (helmet unavailable)
rElec  .         Dismiss  .     (no cloak)
rCorr  .         Reflect  .     (no gloves)
SustAt .         Harm     .     (no boots)
MR     .....                    (no amulet)
Stlth  +.........               (no ring)
                                (no ring)

@: not resistant to hostile enchantments, very unstealthy
A: permanent stasis, dig shafts and tunnels, four strong arms, antennae 3
a: Dig, Shaft Self


You were on level 2 of the Dungeon.
You were not hungry.

You visited 1 branch of the dungeon, and saw 2 of its levels.

You collected 66 gold pieces.

Inventory:

Hand Weapons
 m - a +0 short sword (weapon)
Missiles
 a - 26 arrows
 g - 60 stones (quivered)
 h - 21 sling bullets
Armour
 n - a +0 ring mail (worn)
Potions
 e - a potion of degeneration {unknown}
 f - a potion of flight {unknown}
 i - a potion of brilliance {unknown}
 l - a potion of agility {unknown}
Books
 b - a book of Frost

   Spells                             Type                      Level
   a - Freeze                         Ice                          1
   b - Throw Frost                    Conjuration/Ice              2
   c - Ozocubu's Armour               Charms/Ice                   3
   d - Throw Icicle                   Conjuration/Ice              4
   e - Summon Ice Beast               Ice/Summoning                4
Comestibles
 c - 2 bread rations
 d - a meat ration
 k - 6 chunks of flesh


   Skills:
 * Level 1.9 Fighting
 - Level 2.2 Dodging
 - Level 2.4 Stealth
 - Level 2.1 Spellcasting
   Level 0.8 Conjurations
 - Level 3.0 Ice Magic


You had 5 spell levels left.
You knew the following spells:

 Your Spells              Type           Power        Failure   Level  Hunger
a - Freeze                Ice            #...         17%         1    #......


Dungeon Overview and Level Annotations

Branches:
Dungeon (1/15)

Altars:


Innate Abilities, Weirdness & Mutations

You are under a permanent stasis effect.
You can dig through walls and to a lower floor.
Your four strong arms can wield two-handed weapons with a shield.
You have a pair of large antennae on your head (SInv).


Message History

The worm bites you but does no damage.
You barely miss the worm.
The worm is moderately wounded.
You hit the worm.
The worm is heavily wounded.
The worm bites you!
* * * LOW HITPOINT WARNING * * *
You hit the worm.
The worm is heavily wounded.
The worm closely misses you.
You hit the worm.
The worm is severely wounded.
You barely miss the worm.
The worm is severely wounded.
The worm bites you.
* * * LOW HITPOINT WARNING * * *
You hit the worm.
The worm is severely wounded.
The worm bites you.
You die...

........#####..#
........#......#
........#..#...# .
#......##..#...# ..
...#.#.........# ## ...
.#.#.......##..###.#....
...###.................
.#####..#..........#
.........###....@w.#
######...# #.#>###...#
#.#####.### ###
#.......# #########


You could see a worm.

Vanquished Creatures
  A dart slug (D:1)
  3 giant cockroaches
  3 goblins
  4 hobgoblins (D:1)
  A kobold (D:1)
  A bat (D:1)
  2 giant newts
  A rat (D:1)
16 creatures vanquished.

Notes
Turn   | Place    | Note
--------------------------------------------------------------
     0 | D:1      | Chiseanne the Formicid Ice Elementalist began the quest for the Orb.
     0 | D:1      | Reached XP level 1. HP: 13/13 MP: 3/3
   224 | D:1      | Reached skill level 1 in Fighting
   224 | D:1      | Reached XP level 2. HP: 12/21 MP: 1/5
   943 | D:1      | You fall through a shaft!
  1096 | D:2      | Reached XP level 3. HP: 27/27 MP: 6/6
  1151 | D:2      | HP: 1/27 [worm (5)]
  1152 | D:2      | Slain by a worm

Skill      XL: |  1 |
---------------+----+-----
Dodging        | 2 |  2.2
Fighting       | 1 |  1.9
Stealth        | |  2.4
Spellcasting   | |  2.1
Conjurations   | |  0.8
Ice Magic      | |  3.0

Action                   || total
-------------------------++-------
Melee: Club              ||    32
       Unarmed           ||     6
       Short sword       ||    30
 Cast: Freeze            ||    10
  Use: Scroll            ||     1
 Stab: Sleeping          ||     1
  Eat: Chunk             ||     1
Armor: Robe              ||     2
       Leather armour    ||    12
       Ring mail         ||     1
Dodge: Dodged            ||    59
